 Dungeon Crawl Stone Soup version 0.22.0-49-gab54619 (webtiles) character file.

54 HoaS the Skirmisher (level 3, -1/24 HPs)
             Began as a Gargoyle Berserker on Sept 8, 2018.
             Was a Follower of Trog.
             Slain by a gnoll (4 damage)
             ... on level 2 of the Dungeon.
             The game lasted 00:01:49 (996 turns).

HoaS the Skirmisher (Gargoyle Berserker)             Turns: 996, Time: 00:01:50

Health: -1/24      AC:  6    Str: 20    XL:     3   Next: 91%
Magic:  3/3        EV: 12    Int:  7    God:    Trog [*.....]
Gold:   121        SH:  0    Dex: 10    Spells: 2/2 levels left

rFire    . . .     SeeInvis .     - Unarmed
rCold    . . .     Gourm    .   (no shield)
rNeg     + . .     Faith    .   g - +0 leather armour
rPois    ∞         Spirit   .   (no helmet)
rElec    +         Reflect  .   (no cloak)
rCorr    .         Harm     .   (no gloves)
MR       .....                  (no boots)
Stlth    +.........             (no amulet)
HPRegen  0.08/turn              (no ring)
MPRegen  0.08/turn              (no ring)

@: no status effects
A: negative energy resistance 1, electricity resistance, unbreathing,
petrification resistance, rot immunity, AC +3
a: Berserk, Renounce Religion


You were on level 2 of the Dungeon.
You worshipped Trog.
Trog was aware of your devotion.
You were not hungry.

You visited 1 branch of the dungeon, and saw 2 of its levels.

You collected 121 gold pieces.

Inventory:

Armour
 g - a +0 leather armour (worn)
Scrolls
 d - 2 scrolls of identify
Potions
 c - 2 potions of curing
Comestibles
 b - 6 rations
 h - 11 chunks of flesh


   Skills:
 * Level 4.0 Fighting
 + Level 2.7 Armour
 + Level 2.0 Dodging
 * Level 3.5 Unarmed Combat


You had 2 spell levels left.
You didn't know any spells.
Your spell library was empty.

Dungeon Overview and Level Annotations

Branches:
Dungeon (2/15)

Altars:
Ashenzari


Innate Abilities, Weirdness & Mutations

You are resistant to torment.
Your stone body is resilient. (AC +3)
You are immune to poison.
You resist negative energy. (rN+)
You are resistant to electric shocks. (rElec)
You can survive without breathing.
You are immune to petrification.
You are immune to rotting.


Message History

You see here a kobold corpse.
Some of the chunks of flesh in your inventory have rotted away.
b - 6 rations (gained 1) 2 gnolls come into view.
The gnoll shouts! x2; You hear a shout!
A gnoll comes into view.
A rat comes into view.
The gnoll hits you from afar with a spear.
The gnoll hits you but does no damage.
You hit the gnoll.
The gnoll is lightly wounded.
The gnoll completely misses you. The gnoll hits you.
You hit the gnoll but do no damage.
The gnoll is lightly wounded.
The gnoll hits you from afar with a spear!
* * * LOW HITPOINT WARNING * * *
The gnoll hits you.
* * * LOW HITPOINT WARNING * * *
The gnoll barely misses you. The gnoll closely misses you. The gnoll hits you.
You die...

#.<..§§§§..#........†.........,*
#####§§###..........#.########**
****##........##.####.#
,,,,*####..##..#......#
***,****##............##
*,,,,,,.......<......##
****,,,,................#
,,,,,,,.................#
***,,,,........g@.......#**
,,,,*,,,,......g..........**
,********#.....g...!?......*
,,,,*****##...r.........###*
,,*,,,,,,*#...........###
*,,*****,,#........#...#**
**,******...........##..,*
**,,**,,,.........#.#*##,*
,*,,,,,****,,,,,,,,,,,,*,*


You could see 3 gnolls and a rat.

Vanquished Creatures
  An adder (D:2)
  An ooze (D:2)
  6 dart slugs
  A leopard gecko (D:2)
  3 bats (D:1)
  2 giant cockroaches
  2 goblins
  2 hobgoblins (D:1)
  2 jackals (D:1)
  3 kobolds
  A quokka (D:2)
  A frilled lizard (D:1)
  2 rats (D:1)
27 creatures vanquished.

Notes
Turn   | Place    | Note
-------+----------+-------------------------------------------
     0 | D:1      | HoaS the Gargoyle Berserker began the quest for the Orb.
     0 | D:1      | Reached XP level 1. HP: 14/14 MP: 1/1
    89 | D:1      | Reached XP level 2. HP: 14/19 MP: 2/2
   772 | D:1      | Reached XP level 3. HP: 21/24 MP: 3/3
   892 | D:2      | Found a shattered altar of Ashenzari.
   955 | D:2      | Reached skill level 4 in Fighting
   996 | D:2      | Slain by a gnoll

Skill      XL: |  1  2  3 |
---------------+----------+-----
Dodging        | 2 |  2.0
Fighting       | 4 |  4.0
Armour         | |  2.7
Unarmed Combat | |  3.5

Action                   || total
-------------------------++-------
Melee: Unarmed           ||   112
       Punch             ||     1
  Use: Scroll            ||     4
Armor: Animal skin       ||    17
       Leather armour    ||    31
Dodge: Dodged            ||    76
